 Dungeon Crawl Stone Soup version 0.17.2 (webtiles) character file.

128 Goblin1989 the Poker (level 4, 0/33 HPs)
             Began as a Demonspawn Gladiator on June 25, 2016.
             Slain by a scorpion (8 damage)
             ... on level 4 of the Dungeon.
             The game lasted 00:06:10 (2442 turns).

Goblin1989 the Poker (Demonspawn Gladiator)         Turns: 2442, Time: 00:06:10

Health: 0/33       AC:  8    Str: 16    XL:     4   Next: 87%
Magic:  4/4        EV: 11    Int:  9    God:
Gold:   114        SH:  0    Dex: 14    Spells: 0 memorised, 3 levels left

rFire  . . .     SeeInvis .     a - +0 trident
rCold  . . .     Clarity  .     g - +0 ring mail
rNeg   . . .     SustAt   .     (no shield)
rPois  .         Gourm    .     c - +0 helmet
rElec  .         Spirit   .     m - +0 cloak (curse)
rCorr  .         Warding  .     (no gloves)
rMut   .         Stasis   .     (no boots)
MR     .....                    (no amulet)
Stlth  +.........               (no ring)
                                (no ring)

@: lethally poisoned (0 -> -10), not resistant to hostile enchantments, very
unstealthy
A: claws 1, icy blue scales 1
a: no special abilities


You were on level 4 of the Dungeon.
You were not hungry.

You visited 1 branch of the dungeon, and saw 4 of its levels.

You collected 114 gold pieces.

Inventory:

Hand Weapons
 a - a +0 trident (weapon)
 u - a +0 blowgun
Missiles
 d - 3 throwing nets {=f, !d}
Armour
 c - a +0 helmet (worn)
 g - a +0 ring mail (worn)
 m - a cursed +0 cloak (worn)
Jewellery
 n - an uncursed ring of see invisible {unknown}
 q - a cursed ring of loudness {unknown}
Wands
 s - a wand of confusion (38)
 B - a wand of confusion (22)
Scrolls
 b - a scroll of magic mapping {unknown}
 f - a scroll of fog {unknown}
 h - 9 scrolls of identify {unknown}
 i - 3 scrolls of teleportation {unknown}
 k - a scroll of blinking {unknown}
 p - 3 scrolls of remove curse {unknown}
 y - a scroll of noise {unknown}
Potions
 j - a potion of heal wounds {unknown}
 l - a potion of poison {unknown}
 o - a potion of might {unknown}
 r - 2 potions of curing {unknown}
 t - a potion of agility {unknown}
 w - a potion of mutation {unknown}
 A - a potion of berserk rage {unknown}
Books
 v - a book of the Tempests

   Spells                             Type                      Level
   a - Static Discharge               Conjuration/Air              3
   b - Lightning Bolt                 Conjuration/Air              5
   c - Fireball                       Conjuration/Fire             5
   d - Tornado                        Air                          9
   e - Shatter                        Earth                        9
Comestibles
 e - 2 bread rations
 x - 2 chunks of flesh
 z - a meat ration


   Skills:
 - Level 2.0 Fighting
 - Level 4.4 Polearms
 - Level 1.7 Throwing
 - Level 2.6 Dodging
 + Level 2.2 Unarmed Combat


You had 3 spell levels left.
You didn't know any spells.

Dungeon Overview and Level Annotations

Branches:
Dungeon (4/15)
 Temple: D:4-7

Altars:
Ashenzari
The Shining One

Shops:
D:4 :


Innate Abilities, Weirdness & Mutations

You have sharp fingernails.
You are partially covered in icy blue scales (AC +1).


Message History

You are too injured to fight recklessly!
You are too injured to fight recklessly!
You are too injured to fight recklessly!
You are too injured to fight recklessly!
You are too injured to fight recklessly!
You are too injured to fight recklessly!
You are too injured to fight recklessly!
You are too injured to fight recklessly!
You are too injured to fight recklessly!
You are too injured to fight recklessly!
You are too injured to fight recklessly!
You are too injured to fight recklessly!
You are too injured to fight recklessly!
You are too injured to fight recklessly!
You are too injured to fight recklessly!
You closely miss the scorpion.
You feel sick. The adder closely misses you. The scorpion stings you!
* * * LOW HITPOINT WARNING * * *
The scorpion stings you!
You die...

##### #...# #...# ######
#...###....# #.........(#
#### #....##.#..# #...
#.......<..#######...
#...>(...............
#[..@.#....#####.....
>.....Ss##....#####.#...
#....$##.##......#.......
#..... ##.##.....#.)....#
#..... ..##....#.....##
#..... ...##...#....##.
##### ... ##..#...##..
... ##.#..##...
..######....


You could see a scorpion and an adder.

Vanquished Creatures
  An orc priest (D:4)
  3 adders
  3 worms
  2 giant geckos
  4 orcs
  2 giant cockroaches (D:1)
  4 goblins (D:1)
  6 hobgoblins
  8 jackals
  A quokka (D:4)
  7 bats
  2 giant newts (D:1)
  9 kobolds
  6 rats
58 creatures vanquished.

Vanquished Creatures (others)
  A giant newt (D:3)
  A rat (D:3)
2 creatures vanquished.

Grand Total: 60 creatures vanquished

Notes
Turn   | Place    | Note
--------------------------------------------------------------
     0 | D:1      | Goblin1989 the Demonspawn Gladiator began the quest for the Orb.
     0 | D:1      | Reached XP level 1. HP: 16/16 MP: 1/1
   152 | D:1      | Reached skill level 3 in Polearms
   260 | D:1      | Gained mutation: You are partially covered in icy blue scales (AC +1). [demonic ancestry]
   260 | D:1      | Reached XP level 2. HP: 8/22 MP: 2/2
   655 | D:1      | Reached XP level 3. HP: 18/27 MP: 3/3
   976 | D:2      | Found a glowing golden altar of the Shining One.
   994 | D:2      | Reached skill level 4 in Polearms
  1670 | D:3      | Gained mutation: You have sharp fingernails. [demonic ancestry]
  1670 | D:3      | Reached XP level 4. HP: 29/33 MP: 4/4
  2261 | D:4      | Reached skill level 1 in Unarmed Combat
  2323 | D:4      | Found Etoade's Book Emporium.
  2364 | D:4      | Found a shattered altar of Ashenzari.
  2442 | D:4      | Slain by a scorpion

Action                   |  1- 3 |  4- 6 || total
-------------------------+-------+-------++-------
Melee: Trident           |   160 |    71 ||   231
  Eat: Chunk             |     3 |     2 ||     5
